 Dungeon Crawl Stone Soup version 0.28-a0-239-g68911e0c57 (webtiles) character file.

Game seed: 10488945784527688530

11 Spaninq the Ruffian (level 2, -4/27 HPs)
             Began as a Troll Transmuter on Aug 23, 2021.
             Splashed by the enmity of Fedhas Madash's acid (15 damage)
             ... on level 1 of the Dungeon.
             The game lasted 00:01:25 (366 turns).

Spaninq the Ruffian (Troll Transmuter)               Turns: 366, Time: 00:01:26

Health: -4/27      AC:  4    Str: 17    XL:     2   Next: 13%
Magic:  2/2        EV: 10    Int:  9    God:
Gold:   22         SH:  0    Dex: 10    Spells: 0/3 levels left

rFire   . . .      SeeInvis .     - Unarmed
rCold   . . .      Faith    .   (no shield)
rNeg    . . .      Spirit   .   a - +0 robe
rPois   .          Reflect  .   (helmet restricted)
rElec   .          Harm     .   (no cloak)
rCorr   .          Rampage  .   (gloves unavailable)
Will    .....                   (boots unavailable)
Stlth   +.........              (no amulet)
HPRegen 1.09/turn               (no ring)
MPRegen 0.08/turn               (no ring)

@: no status effects
A: large, unfitting armour, claws 3, regeneration 1, shaggy fur 1, tough skin 1
a: no special abilities


You were on level 1 of the Dungeon.
You visited 1 branch of the dungeon, and saw 1 of its levels.

You collected 22 gold pieces.

Inventory:

Armour
 a - a +0 robe (worn)
Potions
 b - 3 potions of haste {unknown}
 c - a potion of brilliance {unknown}


   Skills:
 + Level 1.0 Fighting
 + Level 1.8 Dodging
 * Level 3.3 Unarmed Combat
 - Level 1.2 Spellcasting
 - Level 1.3 Transmutations


You couldn't memorise any spells.
You knew the following spells:

 Your Spells              Type           Power      Damage    Failure   Level
a - Beastly Appendage     Tmut           6%         N/A       21%         1
b - Wereblood             Tmut           3%         N/A       30%         2

Your spell library contained the following spells:

 Spells                   Type           Power      Damage    Failure   Level
 Spider Form              Tmut/Pois      0%         N/A       63%         3
 Ice Form                 Ice/Tmut       1%         N/A       95%         4


Dungeon Overview and Level Annotations

Branches:
Dungeon (1/15)

Altars:
Fedhas


Innate Abilities, Weirdness & Mutations

You are too large for most types of armour.
You have claws for hands.
Your natural rate of healing is unusually fast.
You are covered in fur. (AC +1)
You have tough skin. (AC +1)


Message History

Really renounce your faith, foregoing its fabulous benefits?
Are you sure?
You have lost your religion!
Fedhas does not appreciate desertion!
A rat comes into view.
Casting: Beastly Appendage (safe; 21% risk of failure)
Confirm with . or Enter, or press ? or * to list all spells.
You miscast Beastly Appendage.
You are very lightly contaminated with residual magic.
Nothing appears to happen.
Casting: Beastly Appendage (safe; 21% risk of failure)
Confirm with . or Enter, or press ? or * to list all spells.
You grow a pair of large bovine horns.
Your feet morph into talons.
You barely miss the rat. Your headbutt misses the rat.
The rat barely misses you.
You barely miss the rat. The rat closely misses you.
You barely miss the rat. The rat bites you but does no damage.
You scratch the rat.
You kill the rat!
Your transformation is almost over.
You see here a rat corpse.
Your magical contamination has completely faded away.
Your horns disappear.
Your talons disappear.
A hobgoblin comes into view.
The hobgoblin shouts!
Casting: Beastly Appendage (safe; 21% risk of failure)
Confirm with . or Enter, or press ? or * to list all spells.
You grow a pair of large bovine horns.
Your feet morph into talons.
You scratch the hobgoblin. You headbutt the hobgoblin.
You kill the hobgoblin!
Your transformation is almost over.
You see here a hobgoblin corpse.
Your horns disappear.
Your talons disappear.
You see here a ball python corpse.
Fedhas invokes nature against you. The bolt of acid hits you!
Ouch! That really hurt!
You are splashed with acid!
Ouch! That really hurt!
You die...

..........#######..##...#........
.................................
..........######.#.##............
..........# ###..#.##............
..........###...................#
..........†....................##
........######...............†.#
..###.### #.................#
......## #..@.......#......#
.......## #....(.....##.....#
........# #.......... #.....#
........#######...##..####.....#
........................###.#.##
.....##....#..#.........##..#.##
.....####...#...........##..#..##
.......###.......>..........##...
##.###.###...............#.......


You could see the enmity of Fedhas Madash (unaware).

Vanquished Creatures
  2 ball pythons (D:1)
  2 endoplasms (D:1)
  A giant cockroach (D:1)
  A goblin (D:1)
  A hobgoblin (D:1)
  A bat (D:1)
  A frilled lizard (D:1)
  A rat (D:1)
  A toadstool (D:1)
11 creatures vanquished.

Vanquished Creatures (others)
  3 toadstools (D:1)
3 creatures vanquished.

Grand Total: 14 creatures vanquished

Notes
Turn   | Place    | Note
-------+----------+-------------------------------------------
     0 | D:1      | Spaninq the Troll Transmuter began the quest for the Orb.
     0 | D:1      | Reached XP level 1. HP: 18/18 MP: 1/1
   131 | D:1      | Reached skill level 1 in Fighting
   186 | D:1      | Reached XP level 2. HP: 27/27 MP: 0/2
   191 | D:1      | Learned a level 2 spell: Wereblood
   260 | D:1      | Found a faded altar of an unknown god.
   264 | D:1      | Became a worshipper of Fedhas Madash
   264 | D:1      | Reached * piety under Fedhas
   265 | D:1      | Fell from the grace of Fedhas
   366 | D:1      | Splashed by the enmity of Fedhas Madash's acid

Illustrated notes

Levels and vault maps discovered:
D:1:      ldierk_water_garden, layout_rooms, basic_ecumenical_altar,
          minmay_tetromino_s4

Skill      XL: |  1 |
---------------+----+-----
Fighting       | 1 |  1.0
Dodging        | |  1.8
Unarmed Combat | |  3.3
Spellcasting   | |  1.2
Transmutations | |  1.3

Action                   || total
-------------------------++-------
Melee: Unarmed           ||    15
       Kick              ||     4
       Headbutt          ||     3
 Cast: Beastly Appendage ||     7
Invok: Renounce Religion ||     1
Armor: Robe              ||     5
Dodge: Dodged            ||     3

Table legend: (Time is in decaauts)
 A = Elapsed time spent in this place.
 B = Non-inter-level travel time spent in this place.
 C = Inter-level travel time spent in this place.
 D = Time resting spent in this place.
 E = Time spent auto-exploring this place.
 F = Levels seen in this place.
 G = Mean time per level.
                   A        B        C        D        E       F      G
               +--------+--------+--------+--------+--------+-----+--------+
         Total |    365 |    365 |      0 |      0 |    273 |   1 |  365.0 |
       Dungeon |    365 |    365 |      0 |      0 |    273 |   1 |  365.0 |
               +--------+--------+--------+--------+--------+-----+--------+

Top non-repeatable levels by time:
     D:1: 365 daAuts
